 Dungeon Crawl Stone Soup version 0.31-a0-175-g9f7f995f2b (webtiles) character file.

Game seed: 17550138751538683345

352 qw the Shooter (level 6, -7/58 HPs)
             Began as a Naga Hunter on June 17, 2023.
             Was an Initiate of Okawaru.
             Mangled by Duvessa
             ... wielding a +0 short sword
              (12 damage)
             ... on level 4 of the Dungeon.
             The game lasted 00:00:50 (1980 turns).

qw the Shooter (Naga Hunter)                        Turns: 1980, Time: 00:00:51

Health: -7/58      AC:  3    Str: 13    XL:     6   Next: 61%
Magic:  6/6        EV:  9    Int:  9    God:    Okawaru [......]
Gold:   152        SH:  0    Dex: 17    Spells: 5/5 levels left

rFire   . . .        Y - +0 orcbow
rCold   . . .        (shield currently unavailable)
rNeg    . . .        c - +0 leather armour
rPois   +            (no helmet)
rElec   .            (no cloak)
rCorr   .            (no gloves)
SInv    +            (no barding)
Will    .....        (no amulet)
Stlth   +            (no ring)
HPRegen 0.29/turn    (no ring)
MPRegen 0.10/turn

%: no passive effects
@: lit by a corona, short of breath, glowing, very slow
A: AC +2, large, see invisible, deformed body, poison resistance, slowness 2,
spit poison 1, naga tail 1
a: Spit Poison, Renounce Religion


You were on level 4 of the Dungeon.
You worshipped Okawaru.
Okawaru was noncommittal.
You visited 1 branch of the dungeon, and saw 4 of its levels.

You collected 152 gold pieces.


Innate Abilities, Weirdness & Mutations

Your serpentine skin is tough. (AC +2)
You have supernaturally acute eyesight. (SInv)
Armour fits poorly on your strangely shaped body.
Your system is resistant to poisons. (rPois)
You cover ground very slowly.
You can spit poison.
You have a snake-like lower body.


   Skills:
 - Level 4.7 Fighting
 + Level 5.7 Ranged Weapons
 - Level 1.5 Dodging
 - Level 1.5 Stealth


You had 5 spell levels left.
You didn't know any spells.
Your spell library was empty.

Inventory:

Hand Weapons
 Y - a +0 orcbow (weapon)
Armour
 c - a +0 leather armour (worn)
Scrolls
 a - a scroll of poison {unknown}
 b - 2 scrolls of identify
Potions
 d - a potion of curing {unknown}
 f - a potion of might

Dungeon Overview and Level Annotations

Branches:
Dungeon (4/15)
 Temple: D:4-7

Altars:
Cheibriados
Dithmenos
Makhleb
Okawaru
Ru

Annotations:
D:4 Duvessa


Message History

You are outlined in light.
1972 ||| INVOKING Spit Poison.
Aiming: Spit Poison (1% risk of failure)
Press: ? - help, Shift-Dir - straight line, f/p - Dowan The splash of poison hits Dowan!
Dowan looks even sicker.
Dowan is severely wounded.
Dowan gestures wildly while chanting.
Dowan blinks!
Duvessa hits you with a +0 short sword!
You shoot an arrow. The arrow hits Duvessa.
Duvessa is lightly wounded.
Duvessa closely misses you.
You shoot an arrow. The arrow hits Duvessa!
Duvessa is moderately wounded.
Duvessa hits you with a +0 short sword!
You shoot an arrow. The arrow hits Duvessa!
Duvessa is heavily wounded.
You kill Dowan!
Okawaru accepts your kill.
Duvessa screams, "No!
How DARE you!"
Duvessa goes berserk!
Duvessa hits you with a +0 short sword!
You shoot an arrow.
The arrow hits Duvessa but does no damage.
Duvessa is heavily wounded.
Duvessa barely misses you. x2
You shoot an arrow. The arrow closely misses Duvessa.
You have got your breath back.
Duvessa barely misses you. Duvessa hits you with a +0 short sword!
1978 ||| INVOKING Spit Poison.
Aiming: Spit Poison (1% risk of failure)
Press: ? - help, Shift-Dir - straight line, f/p - Duvessa The splash of poison hits Duvessa but does no damage.
Duvessa is heavily wounded.
Duvessa hits you with a +0 short sword!
You shoot an arrow. The arrow closely misses Duvessa.
Duvessa hits you but does no damage. Duvessa barely misses you.
You shoot an arrow.
The arrow hits Duvessa but does no damage.
Duvessa is heavily wounded.
Duvessa misses you. Duvessa hits you with a +0 short sword!
You die...

.# .# .# .. .# )#
###e# ##.@.#
.#######..###
>........##
########.# ########.#
#........#
#####'#####..#
#........##.......#
###........##.......#


You could see Duvessa (berserk).

Vanquished Creatures
  Sigmund (D:2)
  Dowan (D:4)
  Natasha (thrice) (D:2)
  An adder (D:4)
  A worm (D:3)
  A dart slug (D:2)
  7 orcs (D:3)
  8 ball pythons
  6 endoplasms
  5 giant cockroaches
  3 hobgoblins
  A quokka (D:1)
  7 bats
  A frilled lizard (D:1)
  2 goblins
  4 kobolds
  5 rats
57 creatures vanquished.

Notes
Turn   | Place    | Note
-------+----------+-------------------------------------------
     0 | D:1      | qw the Naga Hunter began the quest for the Orb.
     0 | D:1      | Reached XP level 1. HP: 19/19 MP: 1/1
     0 | D:1      | 0 ||| qw: Version: 0.3-a-2-g5ab2908
     0 | D:1      | 0 ||| qw: Game counter: 359
     0 | D:1      | 0 ||| qw: Always use a shield: true
     0 | D:1      | 0 ||| qw: God list: Okawaru
     0 | D:1      | 0 ||| qw: Allow faded altars: false
     0 | D:1      | 0 ||| qw: Do Orc after D:15 true
     0 | D:1      | 0 ||| qw: Do second Lair branch before Depths: true
     0 | D:1      | 0 ||| qw: Lair rune preference: random
     0 | D:1      | 0 ||| qw: Plans: Normal
     0 | D:1      | 0 ||| PLANNING D:1-11
    24 | D:1      | 24 ||| INVOKING Spit Poison.
    31 | D:1      | 31 ||| INVOKING Spit Poison.
    51 | D:1      | Reached skill level 4 in Ranged Weapons
    51 | D:1      | Reached XP level 2. HP: 26/26 MP: 2/2
    65 | D:1      | 65 ||| INVOKING Spit Poison.
   113 | D:1      | 113 ||| INVOKING Spit Poison.
   118 | D:1      | 118 ||| INVOKING Spit Poison.
   128 | D:1      | 128 ||| INVOKING Spit Poison.
   134 | D:1      | 134 ||| INVOKING Spit Poison.
   193 | D:1      | 193 ||| INVOKING Spit Poison.
   277 | D:1      | 277 ||| INVOKING Spit Poison.
   387 | D:1      | 387 ||| READING scroll labelled FOOZ GOCUUCUDGH.
   388 | D:1      | 388 ||| READING scroll labelled ICZUKH ERGHE.
   435 | D:1      | 435 ||| READING scroll labelled DAIXTU JOLAI.
   536 | D:1      | 536 ||| READING scroll labelled HANNER WUEK.
   537 | D:1      | 537 ||| DROPPING scroll of butterflies.
   571 | D:1      | 571 ||| INVOKING Spit Poison.
   601 | D:2      | Found a burning altar of Makhleb.
   605 | D:2      | Found a faded altar of an unknown god.
   638 | D:2      | 638 ||| INVOKING Spit Poison.
   640 | D:2      | Reached XP level 3. HP: 32/32 MP: 3/3
   724 | D:2      | 724 ||| SWAPPING to +0 orcbow.
   725 | D:2      | 725 ||| DROPPING +1 shortbow.
   727 | D:2      | 727 ||| INVOKING Spit Poison.
   737 | D:2      | 737 ||| INVOKING Spit Poison.
   740 | D:2      | 740 ||| INVOKING Spit Poison.
   788 | D:2      | Noticed Natasha
   790 | D:2      | 790 ||| INVOKING Spit Poison.
   793 | D:2      | 793 ||| INVOKING Spit Poison.
   794 | D:2      | Killed Natasha
   965 | D:2      | Noticed Natasha
   968 | D:2      | 968 ||| INVOKING Spit Poison.
   969 | D:2      | 969 ||| INVOKING Spit Poison.
   972 | D:2      | 972 ||| INVOKING Spit Poison.
   974 | D:2      | Killed Natasha
   975 | D:2      | Reached skill level 5 in Ranged Weapons
   975 | D:2      | Reached XP level 4. HP: 37/39 MP: 4/4
  1022 | D:2      | Noticed Natasha
  1023 | D:2      | 1023 ||| INVOKING Spit Poison.
  1026 | D:2      | 1026 ||| INVOKING Spit Poison.
  1027 | D:2      | Killed Natasha
  1078 | D:2      | Noticed Sigmund
  1081 | D:2      | 1081 ||| INVOKING Spit Poison.
  1084 | D:2      | 1084 ||| INVOKING Spit Poison.
  1087 | D:2      | Killed Sigmund
  1088 | D:2      | Reached XP level 5. HP: 33/51 MP: 5/5
  1088 | D:2      | Reached XP level 6. HP: 38/58 MP: 6/6
  1168 | D:2      | 1168 ||| INVOKING Spit Poison.
  1177 | D:2      | Identified the +7 dagger of the Wizarding Gods {antimagic,
                  | Drain rC+ rCorr Str+2}
  1188 | D:2      | 1188 ||| INVOKING Spit Poison.
  1355 | D:2      | 1355 ||| READING 5 scrolls labelled ARHODD GOBLO.
  1356 | D:2      | 1356 ||| READING scroll labelled DEREOT OQOERPH.
  1357 | D:2      | 1357 ||| DRINKING 2 bubbling dark potions.
  1358 | D:2      | 1358 ||| READING 4 scrolls of identify.
  1358 | D:2      | 1358 ||| IDENTIFYING golden potion
  1359 | D:2      | 1359 ||| READING 3 scrolls of identify.
  1359 | D:2      | 1359 ||| IDENTIFYING bubbling blue potion
  1360 | D:2      | 1360 ||| READING 2 scrolls of identify.
  1360 | D:2      | 1360 ||| IDENTIFYING fuming clear potion
  1361 | D:2      | 1361 ||| DROPPING potion of attraction.
  1362 | D:2      | 1362 ||| DROPPING potion of magic.
  1363 | D:2      | 1363 ||| DROPPING potion of degeneration.
  1384 | D:3      | 1384 ||| INVOKING Spit Poison.
  1403 | D:3      | 1403 ||| INVOKING Spit Poison.
  1406 | D:3      | 1406 ||| INVOKING Spit Poison.
  1417 | D:3      | Found a shadowy altar of Dithmenos.
  1419 | D:3      | Found a snail-covered altar of Cheibriados.
  1419 | D:3      | Found a sacrificial altar of Ru.
  1429 | D:3      | 1429 ||| INVOKING Spit Poison.
  1434 | D:3      | 1434 ||| INVOKING Spit Poison.
  1439 | D:3      | 1439 ||| INVOKING Spit Poison.
  1460 | D:3      | Found a burning altar of Makhleb.
  1552 | D:3      | 1552 ||| INVOKING Spit Poison.
  1556 | D:3      | 1556 ||| INVOKING Spit Poison.
  1559 | D:3      | 1559 ||| INVOKING Spit Poison.
  1568 | D:3      | Found an iron altar of Okawaru.
  1569 | D:3      | 1569 ||| PLANNING OKAWARU WORSHIP
  1569 | D:3      | 1569 ||| READING scroll labelled VOLOEX YBLA.
  1618 | D:3      | Became a worshipper of Warmaster Okawaru
  1619 | D:3      | 1619 ||| PLANNING D:1-11
  1685 | D:3      | 1685 ||| INVOKING Spit Poison.
  1806 | D:3      | 1806 ||| INVOKING Spit Poison.
  1870 | D:4      | 1870 ||| INVOKING Spit Poison.
  1890 | D:4      | 1890 ||| INVOKING Spit Poison.
  1967 | D:4      | Noticed Dowan
  1968 | D:4      | 1968 ||| INVOKING Spit Poison.
  1969 | D:4      | Noticed Duvessa
  1972 | D:4      | 1972 ||| INVOKING Spit Poison.
  1975 | D:4      | Killed Dowan
  1977 | D:4      | HP: 11/58 [Duvessa/+0 short sword (13)]
  1978 | D:4      | 1978 ||| INVOKING Spit Poison.
  1978 | D:4      | HP: 4/58 [Duvessa/+0 short sword (7)]
  1980 | D:4      | Mangled by Duvessa

Levels and vault maps discovered:
D:1:      dpeg_arrival_shrine, layout_rooms, minmay_crystal_room,
          minmay_hedge_maze
D:2:      layout_basic, basic_altar, ebering_ecumenical_altar_mist,
          uniq_sigmund, uniq_natasha
D:3:      layout_rooms, lemuel_tele_altar,
          chequers_temple_overflow_statue_of_worship
D:4:      layout_basic, mainiacjoe_overflow_surrounded_room, uniq_duvessa,
          uniq_edmund

Skill      XL: |  1  2  3  4 |
---------------+-------------+-----
Ranged Weapons | 4 5 |  5.7
Fighting       | 4 |  4.7
Dodging        | |  1.5
Stealth        | |  1.5

Action                     |  1- 3 |  4- 6 || total
---------------------------+-------+-------++-------
   Fire: Shortbow          |    37 |       ||    37
         Orcbow            |    15 |    63 ||    78
Ability: Spit Poison       |    18 |    22 ||    40
    Use: Scroll            |     4 |     6 ||    10
         Potion            |       |     1 ||     1
 Armour: Leather armour    |     4 |    10 ||    14
  Dodge: Dodged            |     7 |    15 ||    22

Table legend:
 A = Non-vault XP
 B = Vault XP
 C = Vault XP percentage of total XP
 D = Non-vault monster count
 E = Vault monster count
 F = Vault count percentage of total count
                 A         B        C        D         E       F
            +---------+---------+-------+---------+---------+-------
      Total |     182 |     321 |  63.8 |      54 |       3 |   5.3
            +---------+---------+-------+---------+---------+-------
        D:1 |      33 |       0 |   0.0 |      20 |       0 |   0.0
        D:2 |      88 |     258 |  74.6 |      10 |       2 |  16.7
        D:3 |      46 |       0 |   0.0 |      21 |       0 |   0.0
        D:4 |      15 |      63 |  80.8 |       3 |       1 |  25.0
            +---------+---------+-------+---------+---------+-------
